 Dungeon Crawl Stone Soup version 0.25.1-9-gc5326a611f (webtiles) character file.

Game seed: 2229311550893436001

751 Gabide the Cudgeler (level 8, -17/48 HPs)
             Began as a Kobold Fighter on Jan 1, 2021.
             Was a Follower of Okawaru.
             Demolished by an ogre
             ... wielding a +0 giant spiked club
              (22 damage)
             ... on level 4 of the Dungeon.
             The game lasted 00:08:35 (4449 turns).

Gabide the Cudgeler (Kobold Fighter)                Turns: 4449, Time: 00:08:36

Health: -17/48     AC: 12    Str: 15    XL:     8   Next: 6%
Magic:  8/8        EV:  4    Int: 10    God:    Okawaru [*.....]
Gold:   112        SH:  9    Dex: 14    Spells: 7/7 levels left

rFire    . . .     SeeInvis .   a - +1 flail
rCold    . . .     Gourm    .   c - +0 kite shield
rNeg     . . .     Faith    .   r - +0 plate armour
rPois    +         Spirit   .   (no helmet)
rElec    .         Reflect  .   (no cloak)
rCorr    .         Harm     .   (no gloves)
MR       .....                  b - +0 pair of boots
Stlth    ..........             (no amulet)
HPRegen  0.16/turn              g - ring of poison resistance
MPRegen  0.11/turn              (no ring)

@: no status effects
A: small, carnivore
a: Heroism, Renounce Religion


You were on level 4 of the Dungeon.
You worshipped Okawaru.
Okawaru was aware of your devotion.
You were very full.

You visited 1 branch of the dungeon, and saw 4 of its levels.

You collected 112 gold pieces.

Inventory:

Hand Weapons
 a - a +1 flail (weapon)
 d - a +0 mace of protection
Missiles
 e - 13 poisoned darts (quivered)
Armour
 b - a +0 pair of boots (worn)
 c - a +0 kite shield (worn)
 r - a +0 plate armour (worn)
Jewellery
 g - a ring of poison resistance (left hand)
 h - an uncursed ring of fire {unknown}
 n - an uncursed ring of protection from magic {unknown}
 s - a +6 ring of strength {unknown}
Potions
 i - a potion of lignification {unknown}
 j - a potion of stabbing {unknown}
 k - a potion of heal wounds
 l - a potion of curing {unknown}
 m - a potion of berserk rage {unknown}
 o - 2 potions of cancellation {unknown}
 p - a potion of flight {unknown}
 q - 2 potions of brilliance {unknown}
 t - a potion of magic {unknown}
Comestibles
 f - 8 rations


   Skills:
 * Level 4.9 Fighting
 * Level 5.7 Maces & Flails
 + Level 3.3 Armour
 + Level 1.9 Dodging
 + Level 3.5 Shields


You had 7 spell levels left.
You didn't know any spells.
Your spell library was empty.

Dungeon Overview and Level Annotations

Branches:
Dungeon (4/15)
 Temple: D:4-7

Altars:
Kikubaaqudgha
Okawaru
Wu Jian


Innate Abilities, Weirdness & Mutations

You are small and have problems with some larger weapons.
You are carnivorous and can eat meat at any time.


Message History

Press: ? - help, Shift-Dir - straight line, f - ogre
Aim: an ogre, wielding a +0 giant spiked club (lightly wounded)
You throw a poisoned dart. The poisoned dart hits the ogre.
The ogre is poisoned.
The ogre is lightly wounded.
The ogre looks more healthy.
The ogre hits you with a +0 giant spiked club.
* * * LOW HITPOINT WARNING * * *
You feel much better.
You closely miss the ogre.
The ogre is moderately wounded.
The ogre hits you with a +0 giant spiked club!
The ogre hits you with a +0 giant spiked club!!
* * * LOW HITPOINT WARNING * * *
Okay, then.
Okay, then.
You aren't carrying any scrolls.
Unknown command.
The ogre hits you with a +0 giant spiked club!!
You die...

.................# #.#
..#.##.#.######.## #..
#.#.##.#.# #.# ### #.#.##.#.#
#.# ####### #.#.##.#.### #.#
#########....[. ..>........#
#.# #....<....#####
#.#......#.# #.# #.#########
#.#.######.# ##O###.##
#.#.######.###.#@#.#.#########
#.......##.##.###.###.#.......
###.###......###.## ##..# #.#
####.##.###.###.### #.#
#.###.#.#.#.## #.# #.#
##.....## #.. ..# ####### ###
###


You could see an ogre.

Vanquished Creatures
  Sigmund (D:3)
  An ice beast (D:2)
  Blork the orc (D:4)
  2 vampire bats (D:4)
  A crimson imp (D:4)
  A hound (D:4)
  Terence (D:2)
  An iguana (D:4)
  An orc wizard (D:3)
  Natasha (thrice) (D:2)
  2 adders
  An ooze (D:3)
  3 worms
  4 dart slugs
  3 leopard geckos (D:3)
  7 orcs (D:3)
  9 bats
  3 bat skeletons (D:4)
  3 bat zombies (D:4)
  2 giant cockroaches
  10 goblins
  9 hobgoblins
  4 jackals
  5 quokkas
  A ball python (D:3)
  4 frilled lizards
  10 kobolds
  A leopard gecko skeleton (D:2)
  11 rats
105 creatures vanquished.

Notes
Turn   | Place    | Note
-------+----------+-------------------------------------------
     0 | D:1      | Gabide the Kobold Fighter began the quest for the Orb.
     0 | D:1      | Reached XP level 1. HP: 14/14 MP: 1/1
   169 | D:1      | Reached XP level 2. HP: 18/19 MP: 2/2
   432 | D:1      | Reached skill level 2 in Maces & Flails
   692 | D:1      | Reached XP level 3. HP: 22/24 MP: 3/3
   916 | D:2      | Noticed an ice beast
   930 | D:2      | Killed an ice beast
   930 | D:2      | Reached skill level 3 in Maces & Flails
   930 | D:2      | Reached skill level 1 in Dodging
   930 | D:2      | Reached XP level 4. HP: 10/29 MP: 4/4
   930 | D:2      | Reached XP level 5. HP: 11/33 MP: 5/5
  1377 | D:2      | Noticed Natasha
  1383 | D:2      | Killed Natasha
  1981 | D:2      | Noticed Natasha
  1993 | D:2      | Killed Natasha
  1993 | D:2      | Reached XP level 6. HP: 20/38 MP: 6/6
  2215 | D:2      | Noticed Terence
  2229 | D:2      | Killed Terence
  2229 | D:2      | Reached skill level 4 in Maces & Flails
  2426 | D:2      | Noticed Natasha
  2434 | D:2      | Killed Natasha
  3189 | D:3      | Found an iron altar of Okawaru.
  3392 | D:3      | Became a worshipper of Warmaster Okawaru
  3565 | D:3      | Noticed Sigmund
  3570 | D:3      | Found an ornate altar of the Wu Jian Council.
  3575 | D:3      | Killed Sigmund
  3575 | D:3      | Reached XP level 7. HP: 44/44 MP: 7/7
  3823 | D:4      | Reached skill level 5 in Maces & Flails
  4003 | D:4      | Noticed Blork the orc
  4020 | D:4      | Killed Blork the orc
  4315 | D:4      | Found an ancient bone altar of Kikubaaqudgha.
  4317 | D:4      | Reached * piety under Okawaru
  4320 | D:4      | Reached XP level 8. HP: 47/48 MP: 8/8
  4449 | D:4      | Demolished by an ogre

Illustrated notes

Levels and vault maps discovered:
D:1:      dpeg_arrival_lava_altar, layout_rooms
D:2:      layout_loops_ring, first_ration, uniq_terence, uniq_natasha
D:3:      layout_basic, lemuel_coloured_pillars_altar, okawaru_metal_pillars_3,
          uniq_sigmund
D:4:      layout_loops_ring, kennysheep_vampire_church, uniq_blork_the_orc

Skill      XL: |  1  2  3  4  5  6  7 |
---------------+----------------------+-----
Maces & Flails | 2 3 4 5 |  5.7
Fighting       | 4 |  4.9
Dodging        | 1 |  1.9
Shields        | 3 |  3.5
Armour         | 3 |  3.3

Action                   |  1- 3 |  4- 6 |  7- 9 || total
-------------------------+-------+-------+-------++-------
Melee: Flail             |    79 |   254 |   106 ||   439
Throw: Dart              |     1 |     2 |     6 ||     9
  Use: Scroll            |     5 |     2 |       ||     7
       Potion            |       |     2 |     1 ||     3
  Eat: Chunk             |     9 |     8 |     3 ||    20
Armor: Scale mail        |    36 |    63 |       ||    99
       Plate armour      |       |    27 |    70 ||    97
Dodge: Dodged            |    38 |    89 |    13 ||   140
Block: Kite shield       |    54 |   125 |    57 ||   236
